 Dungeon Crawl Stone Soup version 0.29-a0-1052-g6990b1bffc (webtiles) character file.

Game seed: 18205015310750122707

97 Newt the Cutter (level 4, -3/33 HPs)
             Began as a Demonspawn Gladiator on Aug 17, 2022.
             Was a Believer of Cheibriados.
             Slain by Sigmund
             ... wielding a +0 scythe
              (6 damage)
             ... on level 1 of the Dungeon.
             The game lasted 00:04:16 (1962 turns).

Newt the Cutter (Demonspawn Gladiator)              Turns: 1962, Time: 00:04:17

Health: -3/33      AC:  4    Str: 20    XL:     4   Next: 42%
Magic:  4/4        EV: 13    Int: 13    God:    Cheibriados [**....]
Gold:   56         SH:  0    Dex: 19    Spells: 3/3 levels left

rFire   . . .      SeeInvis .   l - +0 dagger (venom)
rCold   . . .      Faith    .   (no shield)
rNeg    . . .      Spirit   .   b - +0 leather armour
rPois   .          Reflect  .   c - +0 helmet
rElec   .          Harm     .   (no cloak)
rCorr   .          Rampage  .   (no gloves)
Will    .....                   (no boots)
Stlth   +.........              (no amulet)
HPRegen 0.11/turn               (no ring)
MPRegen 0.09/turn               (no ring)

@: confused, very slow
A: foul stench 3
a: Renounce Religion, Bend Time


You were on level 1 of the Dungeon.
You worshipped Cheibriados.
Cheibriados was pleased with you.
You visited 1 branch of the dungeon, and saw 2 of its levels.

You collected 56 gold pieces.

Inventory:

Hand Weapons
 a - a +0 rapier
 l - a +0 dagger of venom (weapon)
Missiles
 d - 2 throwing nets (quivered)
 e - a javelin
 j - 5 poisoned darts
 n - 3 stones
Armour
 b - a +0 leather armour (worn)
 c - a +0 helmet (worn)
Jewellery
 k - a ring of protection from cold
Scrolls
 g - a scroll of vulnerability {unknown}
 i - a scroll of identify {unknown}
 m - a scroll of enchant weapon {unknown}


   Skills:
 - Level 2.0 Fighting
 - Level 4.0 Short Blades
 - Level 1.7 Throwing
 + Level 3.1 Dodging
 - Level 2.0 Stealth


You had 3 spell levels left.
You didn't know any spells.
Your spell library contained the following spells:

 Spells                   Type           Power      Damage    Failure   Level
 Ignite Poison            Fire/Tmut/Pois 0%         N/A       73%         3
 Mephitic Cloud           Conj/Pois/Air  0%         N/A       73%         3
 Freezing Cloud           Conj/Ice/Air   0%         6-21      100%        5


Dungeon Overview and Level Annotations

Branches:
Dungeon (2/15)

Altars:
Cheibriados

Annotations:
D:1 Sigmund


Innate Abilities, Weirdness & Mutations

You frequently emit foul miasma when damaged in melee.


Message History

You feel sick.
You hit the adder.
The adder looks even sicker.
The adder is severely wounded.
The adder bites you.
* * * LOW HITPOINT WARNING * * *
Unknown command.
You feel sick.
You feel sick.
You are no longer poisoned.
The gnoll hits you with a +0 club.
* * * LOW HITPOINT WARNING * * *
You emit a cloud of foul miasma!
Unknown command.
The gnoll attacks as you move away! The gnoll completely misses you.
You kill the adder!
Cheibriados appreciates the change of pace.
The gnoll is engulfed in dark miasma.
The gnoll is poisoned.
The gnoll seems to slow down.
There is a stone staircase leading down, spattered with blood here.
You hit the gnoll but do no damage.
The gnoll is heavily wounded.
The gnoll misses you.
Unknown command.
The gnoll hits you with a +0 club.
* * * LOW HITPOINT WARNING * * *
You climb downwards.
Level annotation: Sigmund Sigmund barely misses you.
The goblin hits you but does no damage.
There is a stone staircase leading up here.
Unknown command.
The kobold shouts!
Sigmund points at you and mumbles some strange words.
You are confused.
The gnoll hits you but does no damage. The goblin hits you with a +0 dagger.
* * * LOW HITPOINT WARNING * * *
You emit a cloud of foul miasma!
You climb upwards.
There is a stone staircase leading down, spattered with blood here.
You miss Sigmund. Sigmund hits you with a +0 scythe.
You die...

##...............
##................
#.................
#..#.#............
###..............###
#....#.#...).....#
#..............####
#.g.g.........###.##
#..@g.........##....
#..(@...########.<..
#######.## ##....)
#..#####.....#
####....##......
#...#####.......
#...#####.......
###...#..##.....##
##.......##.....##


You could see Sigmund, 2 gnolls and a goblin.

Vanquished Creatures
  2 gnolls (D:1)
  4 adders (D:1)
  A dart slug (D:1)
  3 ball pythons (D:1)
  3 bats (D:1)
  3 endoplasms (D:1)
  4 giant cockroaches
  5 goblins (D:1)
  2 hobgoblins
  8 kobolds
  2 quokkas (D:1)
  2 rats (D:1)
39 creatures vanquished.

Notes
Turn   | Place    | Note
-------+----------+-------------------------------------------
     0 | D:1      | Newt the Demonspawn Gladiator began the quest for the Orb.
     0 | D:1      | Reached XP level 1. HP: 16/16 MP: 1/1
   193 | D:1      | Reached skill level 1 in Stealth
   294 | D:1      | Gained mutation: You may rarely emit foul miasma when
                  | damaged in melee. [demonic ancestry]
   294 | D:1      | Reached XP level 2. HP: 13/22 MP: 2/2
   808 | D:1      | Reached skill level 3 in Short Blades
   871 | D:1      | Found a faded altar of an unknown god.
   874 | D:1      | Prayed at the altar of an unknown god.
   874 | D:1      | Became a worshipper of Cheibriados the Contemplative
   874 | D:1      | Reached * piety under Cheibriados
   998 | D:1      | Gained mutation: You sometimes emit foul miasma when
                  | damaged in melee. [demonic ancestry]
   998 | D:1      | Reached XP level 3. HP: 12/27 MP: 3/3
  1759 | D:2      | Noticed Sigmund
  1763 | D:1      | Reached ** piety under Cheibriados
  1767 | D:1      | Reached skill level 4 in Short Blades
  1767 | D:1      | Gained mutation: You frequently emit foul miasma when
                  | damaged in melee. [demonic ancestry]
  1767 | D:1      | Reached XP level 4. HP: 10/33 MP: 4/4
  1962 | D:1      | Slain by Sigmund

Illustrated notes

Levels and vault maps discovered:
D:1:      dpeg_arrival_arbitrary_a, layout_rooms,
          hellmonk_ecumenical_altar_heavens_door, serial_glass, glass_columns_a,
          glass_columns_a, glass_columns_c, glass_columns_b, glass_columns_c,
          glass_columns_a, glass_columns_c, glass_columns_a,
          kennysheep_small_spiral
D:2:      layout_rooms, minmay_fractal_squares_5, uniq_sigmund

Skill      XL: |  1  2  3 |
---------------+----------+-----
Stealth        | 1 2 |  2.0
Short Blades   | 3 4 |  4.0
Dodging        | 3 |  3.1
Fighting       | |  2.0
Throwing       | |  1.7

Action                   |  1- 3 |  4- 6 || total
-------------------------+-------+-------++-------
Melee: Rapier            |    76 |       ||    76
       Dagger            |    21 |     7 ||    28
Throw: Stone             |     4 |       ||     4
       Throwing net      |     1 |       ||     1
  Use: Potion            |     2 |       ||     2
 Stab: Sleeping          |     3 |       ||     3
Armor: Leather armour    |    59 |     9 ||    68
Dodge: Dodged            |    77 |    27 ||   104

Table legend: (Time is in decaauts)
 A = Elapsed time spent in this place.
 B = Non-inter-level travel time spent in this place.
 C = Inter-level travel time spent in this place.
 D = Time resting spent in this place.
 E = Time spent auto-exploring this place.
 F = Levels seen in this place.
 G = Mean time per level.
                   A        B        C        D        E       F      G
               +--------+--------+--------+--------+--------+-----+--------+
         Total |   2144 |   2004 |    140 |    773 |    735 |   2 | 1072.0 |
       Dungeon |   2144 |   2004 |    140 |    773 |    735 |   2 | 1072.0 |
               +--------+--------+--------+--------+--------+-----+--------+

Top non-repeatable levels by time:
     D:1: 2116 daAuts
     D:2: 28 daAuts
